General information
- name: BNet
- type: Ladder team game (AT/RT)
- host: Battle.net
- saver: Walgu
map: Northshire
- players: 8
- length: 44:53
- speed: Fast
- version: 1.26 W3XP
- replay type: Public
» download(246 KB)
Players
team 1 (loser)
234881412576561 (
pink | 90 APM | 4021 actions | 44:52)
10 Archmage
3 Summon Water Elemental
3 Brilliance Aura
1 Mass Teleport
3 Blizzard
» actions
| Assign group hotkey | 128 | |
| Basic commands | 123 | |
| Build / train | 211 | |
| ESC pressed | 9 | |
| Enter build submenu | 86 | |
| Enter hero's abilities submenu | 10 | |
| Give item / drop item | 4 | |
| Right click | 1471 | |
| Select / deselect | 491 | |
| Select group hotkey | 1154 | |
| Use ability | 334 | |
4021 total
» units
| Peasant | 22 | |
| Footman | 5 | |
| Assassin | 1 | |
| Dragonhawk Rider | 9 | |
| Gryphon Rider | 4 | |
| Mortar Team | 11 | |
52 total
» upgrades
| Masonry | 3 | |
| Lumber Harvesting | 2 | |
| Swords | 3 | |
| Animal War Training | 1 | |
| Storm Hammers | 1 | |
| Cloud | 1 | |
| Armor | 3 | |
| Gunpowder | 3 | |
| Fragmentation Shards | 1 | |
18 total
» buildings
| Altar of Kings | 1 | |
| Barracks | 1 | |
| Farm | 13 | |
| Arcane Vault | 1 | |
| Lumber Mill | 1 | |
| Town Hall | 3 | |
| Scout Tower | 48 | |
| Keep | 4 | |
| Guard Tower | 64 | |
| Gryphon Aviary | 6 | |
| Castle | 4 | |
| Blacksmith | 1 | |
| Workshop | 3 | |
| Arcane Tower | 10 | |
160 total
» build order
00:46 Altar of Kings
00:49 Barracks
00:52 Farm
00:56 Farm
01:05 Farm
01:20 Farm
02:01 Arcane Vault
02:22 Lumber Mill
02:43 Farm
04:09 Town Hall
07:30 Town Hall
07:33 Scout Tower
07:34 Scout Tower
07:35 Scout Tower
07:36 Scout Tower
07:46 Scout Tower
07:47 Scout Tower
07:48 Scout Tower
07:49 Scout Tower
07:50 Keep
07:50 Keep
07:53 Scout Tower
07:55 Scout Tower
07:57 Scout Tower
07:59 Scout Tower
08:02 Guard Tower
08:02 Guard Tower
08:03 Scout Tower
08:05 Scout Tower
08:06 Guard Tower
08:06 Guard Tower
08:06 Guard Tower
08:06 Guard Tower
08:07 Guard Tower
08:08 Scout Tower
08:08 Scout Tower
08:20 Guard Tower
08:20 Guard Tower
08:20 Guard Tower
08:20 Guard Tower
08:45 Guard Tower
08:45 Guard Tower
09:09 Guard Tower
09:12 Guard Tower
09:12 Guard Tower
09:13 Guard Tower
09:54 Scout Tower
09:55 Scout Tower
09:55 Scout Tower
09:59 Scout Tower
10:00 Scout Tower
10:30 Guard Tower
10:31 Guard Tower
10:31 Guard Tower
10:31 Guard Tower
10:32 Guard Tower
10:32 Guard Tower
10:49 Scout Tower
10:50 Scout Tower
10:50 Scout Tower
10:59 Guard Tower
10:59 Guard Tower
12:19 Gryphon Aviary
12:19 Gryphon Aviary
13:22 Castle
13:23 Castle
14:43 Gryphon Aviary
14:51 Gryphon Aviary
14:58 Scout Tower
14:59 Scout Tower
15:00 Scout Tower
15:21 Scout Tower
15:25 Scout Tower
15:58 Blacksmith
16:01 Guard Tower
16:01 Guard Tower
16:01 Guard Tower
16:02 Guard Tower
16:03 Guard Tower
16:29 Guard Tower
16:29 Guard Tower
16:29 Guard Tower
18:21 Scout Tower
18:21 Scout Tower
18:22 Scout Tower
18:23 Scout Tower
19:16 Guard Tower
19:16 Guard Tower
19:16 Guard Tower
19:17 Guard Tower
19:46 Workshop
19:52 Workshop
20:59 Farm
21:03 Farm
21:04 Farm
23:17 Scout Tower
23:17 Scout Tower
23:18 Scout Tower
23:18 Scout Tower
23:19 Scout Tower
23:37 Farm
23:37 Farm
23:38 Farm
24:20 Gryphon Aviary
29:16 Farm
29:17 Farm
29:19 Workshop
29:22 Gryphon Aviary
34:14 Town Hall
34:18 Scout Tower
34:18 Scout Tower
34:19 Scout Tower
34:20 Scout Tower
34:21 Scout Tower
34:23 Scout Tower
34:24 Scout Tower
34:26 Scout Tower
34:29 Scout Tower
34:50 Arcane Tower
34:50 Arcane Tower
34:51 Arcane Tower
34:51 Guard Tower
34:52 Guard Tower
34:52 Guard Tower
35:07 Arcane Tower
35:07 Arcane Tower
35:08 Arcane Tower
35:08 Arcane Tower
35:09 Arcane Tower
35:11 Scout Tower
35:42 Guard Tower
35:42 Guard Tower
» items
| Scroll of Regeneration | 8 | |
| Mechanical Critter | 4 | |
| Staff of Teleportation | 1 | |
| Potion of Lesser Invulnerability | 1 | |
| Scroll of Town Portal | 4 | |
| Staff of Sanctuary | 1 | |
19 total
THEWIRESEASON2 (
green | 58 APM | 2585 actions | 44:52)
9 Blood Mage
3 Banish
3 Flame Strike
1 Summon Phoenix
2 Siphon Mana
» actions
| Assign group hotkey | 34 | |
| Basic commands | 75 | |
| Build / train | 92 | |
| Enter build submenu | 27 | |
| Enter hero's abilities submenu | 9 | |
| Give item / drop item | 2 | |
| Remove unit from queue | 2 | |
| Right click | 1074 | |
| Select / deselect | 319 | |
| Select group hotkey | 824 | |
| Use ability | 127 | |
2585 total
» units
| Peasant | 20 | |
| Footman | 4 | |
| Gryphon Rider | 10 | |
| Dragonhawk Rider | 2 | |
36 total
» upgrades
| Masonry | 3 | |
| Lumber Harvesting | 2 | |
| Swords | 2 | |
| Armor | 2 | |
| Animal War Training | 1 | |
| Storm Hammers | 1 | |
| Sorceress Training | 1 | |
| Cloud | 1 | |
13 total
» buildings
| Altar of Kings | 2 | |
| Farm | 13 | |
| Barracks | 1 | |
| Scout Tower | 2 | |
| Lumber Mill | 2 | |
| Keep | 1 | |
| Town Hall | 4 | |
| Arcane Vault | 1 | |
| Arcane Tower | 1 | |
| Guard Tower | 1 | |
| Blacksmith | 1 | |
| Castle | 1 | |
| Arcane Sanctum | 1 | |
| Gryphon Aviary | 6 | |
37 total
» build order
00:13 Altar of Kings
00:21 Altar of Kings
00:36 Farm
00:52 Barracks
01:21 Farm
01:48 Scout Tower
01:54 Farm
02:06 Lumber Mill
03:51 Keep
04:05 Town Hall
04:07 Scout Tower
04:26 Arcane Vault
05:10 Arcane Tower
05:13 Guard Tower
05:53 Blacksmith
06:46 Castle
07:13 Arcane Sanctum
07:43 Gryphon Aviary
07:48 Gryphon Aviary
11:43 Farm
11:44 Farm
12:35 Farm
12:36 Farm
20:24 Gryphon Aviary
20:24 Gryphon Aviary
21:18 Gryphon Aviary
21:20 Gryphon Aviary
22:54 Farm
22:54 Farm
22:54 Farm
22:54 Farm
22:55 Farm
22:56 Farm
23:10 Lumber Mill
28:02 Town Hall
28:53 Town Hall
29:10 Town Hall
» items
| Scroll of Regeneration | 3 | |
| Potion of Mana | 5 | |
| Lesser Clarity Potion | 2 | |
| Ivory Tower | 2 | |
| Scroll of Town Portal | 9 | |
| Boots of Speed | 1 | |
| Potion of Lesser Invulnerability | 1 | |
| Potion of Invisibility | 1 | |
| Staff of Teleportation | 1 | |
25 total
Newbs (
orange | 29 APM | 389 actions | 13:35)
3 Archmage
2 Blizzard
1 Brilliance Aura
» actions
| Basic commands | 3 | |
| Build / train | 50 | |
| Enter build submenu | 15 | |
| Enter hero's abilities submenu | 3 | |
| Give item / drop item | 4 | |
| Right click | 70 | |
| Select / deselect | 195 | |
| Use ability | 49 | |
389 total
» units
» upgrades
| Gunpowder | 3 | |
| Armor | 1 | |
| Flare | 1 | |
| Fragmentation Shards | 1 | |
6 total
» buildings
| Altar of Kings | 1 | |
| Farm | 7 | |
| Lumber Mill | 1 | |
| Scout Tower | 1 | |
| Arcane Tower | 1 | |
| Blacksmith | 1 | |
| Keep | 1 | |
| Castle | 1 | |
| Workshop | 3 | |
| Arcane Vault | 1 | |
18 total
» build order
00:23 Altar of Kings
00:38 Farm
00:55 Lumber Mill
01:16 Farm
01:35 Scout Tower
02:05 Arcane Tower
02:10 Blacksmith
03:06 Keep
03:27 Farm
04:12 Farm
05:01 Farm
05:29 Castle
05:31 Workshop
05:32 Workshop
05:35 Workshop
07:45 Farm
07:55 Arcane Vault
08:40 Farm
» items
| Circlet of Nobility | 5 | |
| Boots of Speed | 1 | |
| Scroll of Town Portal | 2 | |
| Scroll of Regeneration | 1 | |
9 total

»
jorge (
teal | 22 APM | 803 actions | 36:55)
5 Demon Hunter
3 Immolation
2 Evasion
1 Beastmaster
1 Summon Bear
» actions
| Basic commands | 7 | |
| Build / train | 91 | |
| Enter build submenu | 48 | |
| Enter hero's abilities submenu | 6 | |
| Remove unit from queue | 5 | |
| Right click | 258 | |
| Select / deselect | 317 | |
| Use ability | 71 | |
803 total
» units
| Wisp | 44 | |
| Archer | 11 | |
| Hippogryph | 12 | |
| Chimaera | 3 | |
70 total
» upgrades
» buildings
| Altar of Elders | 2 | |
| Ancient of War | 1 | |
| Moon Well | 14 | |
| Tree of Ages | 2 | |
| Tree of Life | 3 | |
| Ancient of Wind | 2 | |
| Tree of Eternity | 2 | |
| Chimaera Roost | 6 | |
| Ancient of Wonders | 2 | |
| Hunter's Hall | 2 | |
| Ancient Protector | 13 | |
49 total
» build order
00:08 Altar of Elders
00:15 Ancient of War
00:21 Moon Well
01:48 Moon Well
03:47 Tree of Ages
03:52 Moon Well
05:22 Tree of Life
06:10 Ancient of Wind
06:43 Tree of Eternity
06:59 Moon Well
08:14 Moon Well
09:29 Chimaera Roost
09:32 Chimaera Roost
09:37 Chimaera Roost
11:09 Moon Well
12:21 Moon Well
12:28 Ancient of Wonders
12:38 Hunter's Hall
14:33 Moon Well
14:44 Ancient Protector
14:49 Ancient Protector
14:53 Ancient Protector
14:58 Ancient Protector
15:02 Ancient Protector
15:08 Ancient Protector
16:23 Ancient Protector
16:29 Ancient Protector
19:07 Tree of Life
19:23 Moon Well
20:09 Altar of Elders
21:21 Moon Well
22:36 Hunter's Hall
24:04 Tree of Ages
24:11 Ancient Protector
24:15 Ancient Protector
24:17 Ancient Protector
24:24 Ancient Protector
25:31 Ancient Protector
27:17 Tree of Eternity
27:22 Ancient of Wind
28:51 Moon Well
29:04 Tree of Life
29:50 Chimaera Roost
29:52 Chimaera Roost
29:54 Chimaera Roost
29:57 Moon Well
30:59 Ancient of Wonders
32:58 Moon Well
33:49 Moon Well
» items
| Potion of Healing | 2 | |
| Scroll of Town Portal | 1 | |
3 total
team 2 (winner)
Walgu (
purple | 41 APM | 1825 actions | 44:53)
7 Archmage
3 Summon Water Elemental
3 Brilliance Aura
1 Mass Teleport
» actions
| Assign group hotkey | 33 | |
| Basic commands | 274 | |
| Build / train | 75 | |
| Enter build submenu | 66 | |
| Enter hero's abilities submenu | 7 | |
| Give item / drop item | 3 | |
| Remove unit from queue | 1 | |
| Right click | 619 | |
| Select / deselect | 409 | |
| Select group hotkey | 166 | |
| Use ability | 172 | |
1825 total
» units
| Peasant | 20 | |
| Footman | 4 | |
| Gryphon Rider | 1 | |
25 total
» upgrades
| Lumber Harvesting | 2 | |
| Masonry | 3 | |
| Swords | 3 | |
| Armor | 3 | |
| Animal War Training | 1 | |
| Storm Hammers | 1 | |
| Cloud | 1 | |
14 total
» buildings
| Altar of Kings | 1 | |
| Barracks | 1 | |
| Farm | 9 | |
| Arcane Vault | 3 | |
| Keep | 1 | |
| Lumber Mill | 3 | |
| Town Hall | 3 | |
| Castle | 1 | |
| Scout Tower | 46 | |
| Guard Tower | 15 | |
| Arcane Tower | 1 | |
| Gryphon Aviary | 12 | |
| Blacksmith | 2 | |
98 total
» build order
00:49 Altar of Kings
00:51 Barracks
00:53 Farm
00:55 Farm
01:11 Farm
01:34 Farm
02:52 Arcane Vault
03:32 Keep
04:11 Lumber Mill
04:45 Town Hall
05:54 Castle
06:02 Scout Tower
06:02 Scout Tower
06:04 Scout Tower
06:04 Scout Tower
06:07 Scout Tower
06:39 Guard Tower
06:42 Arcane Tower
08:25 Town Hall
08:29 Scout Tower
08:29 Scout Tower
08:30 Scout Tower
08:30 Scout Tower
08:37 Scout Tower
08:37 Scout Tower
08:43 Scout Tower
08:43 Scout Tower
08:44 Scout Tower
08:44 Scout Tower
08:47 Arcane Vault
09:01 Scout Tower
09:13 Scout Tower
09:25 Guard Tower
09:29 Guard Tower
09:34 Guard Tower
09:36 Guard Tower
10:06 Guard Tower
11:47 Gryphon Aviary
11:48 Gryphon Aviary
11:49 Gryphon Aviary
11:50 Gryphon Aviary
11:55 Blacksmith
11:57 Blacksmith
13:49 Gryphon Aviary
14:25 Farm
14:26 Farm
14:27 Farm
14:28 Farm
15:49 Scout Tower
15:50 Scout Tower
15:53 Scout Tower
15:55 Scout Tower
15:55 Scout Tower
15:56 Scout Tower
15:57 Scout Tower
17:54 Guard Tower
18:03 Lumber Mill
19:55 Lumber Mill
22:46 Gryphon Aviary
22:47 Gryphon Aviary
22:54 Gryphon Aviary
22:55 Gryphon Aviary
23:00 Gryphon Aviary
23:02 Gryphon Aviary
23:30 Gryphon Aviary
24:04 Scout Tower
24:06 Scout Tower
24:08 Scout Tower
24:08 Scout Tower
24:09 Scout Tower
24:12 Scout Tower
24:13 Scout Tower
24:13 Scout Tower
24:14 Scout Tower
24:15 Scout Tower
24:44 Guard Tower
24:51 Guard Tower
25:22 Guard Tower
26:05 Town Hall
26:09 Scout Tower
26:10 Scout Tower
26:10 Scout Tower
26:10 Scout Tower
26:12 Scout Tower
26:12 Scout Tower
26:12 Scout Tower
26:13 Scout Tower
26:14 Scout Tower
26:15 Scout Tower
26:16 Scout Tower
26:17 Scout Tower
26:21 Arcane Vault
26:59 Guard Tower
27:10 Guard Tower
27:18 Guard Tower
27:40 Guard Tower
27:42 Guard Tower
27:44 Guard Tower
40:10 Farm
» items
| Scroll of Regeneration | 2 | |
| Mechanical Critter | 2 | |
| Staff of Teleportation | 1 | |
| Potion of Invisibility | 1 | |
| Potion of Lesser Invulnerability | 1 | |
| Periapt of Vitality | 2 | |
9 total

»
qywter (
yellow | 35 APM | 1159 actions | 33:00)
4 Demon Hunter
2 Immolation
1 Mana Burn
1 Evasion
3 Keeper of the Grove
2 Force of Nature
1 Entangling Roots
» actions
| Basic commands | 7 | |
| Build / train | 72 | |
| Enter build submenu | 32 | |
| Enter hero's abilities submenu | 8 | |
| Give item / drop item | 4 | |
| Remove unit from queue | 4 | |
| Right click | 452 | |
| Select / deselect | 520 | |
| Use ability | 60 | |
1159 total
» units
| Wisp | 23 | |
| Huntress | 6 | |
| Dryad | 10 | |
| Faerie Dragon | 5 | |
44 total
» upgrades
| Reinforced Hides | 2 | |
| Abolish Magic | 1 | |
| Strength of the Wild | 2 | |
| Ultravision | 1 | |
| Druid of the Talon Training | 0 | |
| Well Spring | 1 | |
7 total
» buildings
| Altar of Elders | 1 | |
| Moon Well | 7 | |
| Ancient of War | 1 | |
| Hunter's Hall | 1 | |
| Ancient of Wonders | 2 | |
| Ancient Protector | 11 | |
| Tree of Ages | 1 | |
| Tree of Life | 1 | |
| Ancient of Lore | 2 | |
| Ancient of Wind | 1 | |
| Tree of Eternity | 1 | |
29 total
» build order
00:08 Altar of Elders
00:12 Moon Well
00:31 Ancient of War
01:55 Hunter's Hall
02:11 Moon Well
02:29 Ancient of Wonders
03:08 Ancient Protector
03:54 Moon Well
04:35 Tree of Ages
06:36 Tree of Life
07:05 Ancient of Lore
07:10 Ancient of Lore
07:52 Moon Well
08:52 Ancient of Wind
09:08 Moon Well
09:31 Ancient Protector
10:47 Tree of Eternity
11:32 Ancient Protector
13:14 Ancient Protector
15:32 Ancient Protector
17:48 Moon Well
19:34 Moon Well
21:14 Ancient Protector
23:08 Ancient Protector
23:28 Ancient Protector
27:35 Ancient Protector
27:42 Ancient Protector
27:47 Ancient Protector
28:27 Ancient of Wonders
» items
| Scroll of Town Portal | 4 | |
| Orb of Venom | 1 | |
| Orb of Lightning | 1 | |
6 total
WNxKhager (
blue | 36 APM | 1637 actions | 44:52)
4 Dreadlord
2 Sleep
2 Vampiric Aura
3 Pit Lord
2 Rain of Fire
1 Cleaving Attack
1 Lich
1 Frost Nova
» actions
| Assign group hotkey | 14 | |
| Basic commands | 105 | |
| Build / train | 62 | |
| ESC pressed | 2 | |
| Enter build submenu | 22 | |
| Enter hero's abilities submenu | 10 | |
| Give item / drop item | 2 | |
| Right click | 672 | |
| Select / deselect | 424 | |
| Select group hotkey | 254 | |
| Use ability | 69 | |
1637 total
» units
| Acolyte | 9 | |
| Ghoul | 7 | |
| Assassin | 1 | |
| Rogue | 1 | |
| Forest Troll High Priest | 1 | |
| Frost Wyrm | 7 | |
26 total
» upgrades
| Creature Attack | 3 | |
| Creature Carapace | 3 | |
| Freezing Breath | 1 | |
| Ghoul Frenzy | 1 | |
8 total
» buildings
| Crypt | 1 | |
| Altar of Darkness | 1 | |
| Ziggurat | 12 | |
| Graveyard | 1 | |
| Nerubian Tower | 1 | |
| Halls of the Dead | 1 | |
| Tomb of Relics | 1 | |
| Spirit Tower | 3 | |
| Sacrificial Pit | 1 | |
| Black Citadel | 1 | |
| Boneyard | 2 | |
| Necropolis | 1 | |
26 total
» build order
00:07 Crypt
00:11 Altar of Darkness
00:54 Ziggurat
01:01 Ziggurat
02:10 Ziggurat
03:25 Graveyard
03:46 Nerubian Tower
03:49 Halls of the Dead
04:42 Tomb of Relics
04:46 Ziggurat
05:09 Spirit Tower
05:11 Spirit Tower
06:25 Sacrificial Pit
06:28 Black Citadel
10:15 Boneyard
10:32 Boneyard
11:11 Ziggurat
11:12 Ziggurat
14:12 Ziggurat
14:13 Ziggurat
14:14 Ziggurat
14:18 Necropolis
15:20 Spirit Tower
27:24 Ziggurat
27:25 Ziggurat
27:26 Ziggurat
» items
| Potion of Healing | 3 | |
| Scroll of Healing | 1 | |
| Staff of Teleportation | 1 | |
| Scroll of Town Portal | 2 | |
| Orb of Fire | 1 | |
| Scroll of Regeneration | 1 | |
| Boots of Speed | 1 | |
10 total

»
NecroWendy (
red | 41 APM | 1226 actions | 29:48)
5 Tauren Chieftain
2 War Stomp
3 Endurance Aura
3 Shadow Hunter
2 Healing Wave
1 Serpent Ward
3 Far Seer
2 Chain Lighting
1 Feral Spirit
» actions
| Assign group hotkey | 13 | |
| Basic commands | 85 | |
| Build / train | 120 | |
| ESC pressed | 3 | |
| Enter build submenu | 39 | |
| Enter hero's abilities submenu | 11 | |
| Remove unit from queue | 1 | |
| Right click | 373 | |
| Select / deselect | 297 | |
| Select group hotkey | 172 | |
| Use ability | 112 | |
1226 total
» units
| Peon | 32 | |
| Grunt | 7 | |
| Wind Rider | 8 | |
| Shaman | 4 | |
| Troll Witch Doctor | 4 | |
| Demolisher | 9 | |
64 total
» upgrades
| Pillage | 1 | |
| Armor | 3 | |
| Spiked Barricades | 4 | |
| Berserker Strength | 1 | |
| Melee Weapons | 1 | |
| Shaman Training | 2 | |
| Witch Doctor Training | 2 | |
| Ensnare | 1 | |
| Burning Oil | 1 | |
| Reinforced Defenses | 1 | |
| Envenomed Spears | 1 | |
| Ranged Weapons | 1 | |
| War Drums Damage Increase | 1 | |
| Backpack | 1 | |
21 total
» buildings
| Altar of Storms | 1 | |
| Orc Burrow | 17 | |
| Barracks | 1 | |
| Voodoo Lounge | 1 | |
| War Mill | 1 | |
| Stronghold | 5 | |
| Spirit Lodge | 2 | |
| Beastiary | 3 | |
| Fortress | 1 | |
| Great Hall | 9 | |
41 total
» build order
00:10 Altar of Storms
00:17 Orc Burrow
00:41 Barracks
01:33 Orc Burrow
01:56 Voodoo Lounge
02:30 Orc Burrow
02:52 War Mill
04:24 Stronghold
04:24 Stronghold
04:25 Stronghold
04:25 Stronghold
05:03 Orc Burrow
06:52 Spirit Lodge
06:58 Spirit Lodge
07:42 Beastiary
07:49 Beastiary
07:54 Fortress
08:23 Beastiary
09:06 Great Hall
12:03 Orc Burrow
12:08 Orc Burrow
12:16 Orc Burrow
12:56 Orc Burrow
13:20 Great Hall
15:09 Great Hall
15:22 Orc Burrow
15:30 Orc Burrow
15:41 Orc Burrow
17:29 Orc Burrow
19:03 Orc Burrow
19:17 Orc Burrow
19:23 Orc Burrow
20:06 Orc Burrow
20:10 Orc Burrow
22:15 Great Hall
22:56 Great Hall
26:32 Great Hall
27:12 Great Hall
27:57 Great Hall
29:21 Great Hall
» items
| Lesser Clarity Potion | 1 | |
| Healing Salve | 2 | |
| Scroll of Speed | 1 | |
| Orb of Lightning | 1 | |
5 total
Chat log
(00:07 / All) THEWIRESEASON2: pro map
(00:11 / All) 234881412576561: nice
(00:18 / Allies) WNxKhager: rush?
(00:21 / All) Walgu: would you like some inside the wire scoops
(00:26 / Allies) Walgu: im not rush
(00:29 / All) THEWIRESEASON2: no
(00:30 / Allies) WNxKhager: kk
(00:36 / All) Walgu: I got all teh latest scoops
(00:48 / All) WNxKhager: what is it
(01:07 / All) Walgu: it's a show glorifying nigger criminals
(01:19 / All) WNxKhager: cook
(01:22 / All) WNxKhager: cool*
(01:26 / Allies) WNxKhager: plan?
(01:31 / All) Walgu: written by a jew
(01:43 / Allies) Walgu: griffs
(01:47 / All) WNxKhager: its it "grilled mormans"
(02:47 / Allies) Walgu: thx for this great boon!
(02:53 / Allies) WNxKhager: np
(03:15 / All) THEWIRESEASON2: i was sad at ziggy in sesaon 2
(05:03 / Allies) WNxKhager: im getting aboms
(06:33 / Allies) WNxKhager: actully frosties
(08:40 / Allies) NecroWendy: ty
(08:50 / Allies) Walgu: lumbers?
(10:41 / Allies) NecroWendy: plan?
(10:45 / Allies) Walgu: lumbers?
(10:52 / Allies) WNxKhager: me
(11:00 / Allies) WNxKhager: kk
(11:20 / Allies) WNxKhager: need gold
(13:23 / Allies) NecroWendy: can share to to me
(13:39 / Allies) NecroWendy: can share to me gold please purple?
(14:36 / All) 234881412576561: 3 HP
(14:37 / All) 234881412576561: raped
(14:45 / All) NecroWendy: jajaja
(14:50 / All) NecroWendy: your fuking horse
(14:53 / All) NecroWendy: die!!!!
(16:13 / Allies) WNxKhager: no aa
(16:16 / Allies) Walgu: lawl
(16:27 / Allies) WNxKhager: well still win fight
(17:56 / Allies) Walgu: lumbers?
(18:27 / Allies) NecroWendy: ty
(19:07 / Allies) NecroWendy: ty
(22:44 / All) WNxKhager: get rekt
(22:48 / All) 234881412576561: lawl
(22:52 / All) WNxKhager: :)
(22:59 / All) 234881412576561: also you lost the game
(23:05 / All) WNxKhager: but im pro with human
(23:09 / All) WNxKhager: how?
(23:12 / All) 234881412576561: sure lol
(23:49 / All) WNxKhager: so how we lose game?
(23:55 / Allies) Walgu: lumbers please
(23:59 / All) 234881412576561: why would I tell you my plan before it's executed
(24:03 / All) 234881412576561: this is a strategy game
(24:04 / All) 234881412576561: figure it out
(24:10 / All) WNxKhager: becasue u have no plan
(24:13 / All) 234881412576561: lol
(25:37 / Allies) WNxKhager: plan>?
(25:44 / Allies) NecroWendy: enjoy
(25:44 / Allies) Walgu: starve them out
(26:17 / All) 234881412576561: eat my shit
(26:21 / All) NecroWendy: jajaja
(26:25 / All) NecroWendy: to easy
(26:27 / All) Walgu: HUEHUEHUE
(26:28 / All) THEWIRESEASON2: brazil jajaj
(26:42 / All) WNxKhager: come back green
(26:59 / Allies) NecroWendy: purple
(27:02 / Allies) Walgu: aye
(27:03 / Allies) NecroWendy: give to me gold please
(27:14 / Allies) Walgu: lumber plez
(27:14 / Allies) NecroWendy: please?
(27:23 / Allies) NecroWendy: i give to you 1500 ^^ i last time
(27:48 / Allies) NecroWendy: i share to you now gold
(27:52 / Allies) NecroWendy: give to me gold please
(28:00 / All) Walgu: Operation Smite ETA 1 minute
(28:14 / All) WNxKhager: this is fun
(28:19 / All) 234881412576561: you lose
(28:20 / All) 234881412576561: out
(28:23 / Allies) NecroWendy: Bleha!!
(28:26 / Allies) NecroWendy: asnd my gold?
(28:34 / Allies) Walgu: bring da wyrms
(28:38 / All) WNxKhager: kk
(28:40 / Allies) NecroWendy: give to me
(28:43 / Allies) NecroWendy: 1
(28:55 / Allies) NecroWendy: -.-
(28:57 / Allies) NecroWendy: ty
(29:36 / All) WNxKhager: purp why!!!!!
(30:47 / All) 234881412576561: Pretty sure you lost blue
(30:59 / All) WNxKhager: yeah were getting tk!!!!!
(31:27 / All) 234881412576561: lol
(32:09 / All) WNxKhager: why purp
(32:14 / All) 234881412576561: out
(32:18 / All) Walgu: Nothing personal
(32:19 / All) WNxKhager: nver
(32:20 / All) Walgu: Just business
(32:21 / All) WNxKhager: never
(32:26 / All) WNxKhager: wait
(32:32 / All) Walgu: You stand in the way of my land development projects
(32:34 / All) WNxKhager: u 2 plan this!!!
(32:35 / All) Walgu: I am an entrepeneur
(32:40 / All) WNxKhager: oh
(32:43 / All) Walgu: Pink and green are my business associates
(34:13 / All) THEWIRESEASON2: bad boy jorge
(34:23 / All) THEWIRESEASON2: yo qate-o taco belll
(34:37 / All) WNxKhager: wait ur all tking!!!
(34:45 / All) Walgu: we are business associates
(34:50 / All) THEWIRESEASON2: arrogant asshole didnt give me wood
(35:21 / All) jorge: green have expo at my initial base
(35:23 / All) THEWIRESEASON2: just cancelt eal u act like i dont see ur base
(35:27 / All) THEWIRESEASON2: LOL
(35:34 / All) jorge: and just besides it a pinks expo
(36:23 / All) THEWIRESEASON2: i got a level 9 bm and didnt eve ntry to get high level hero
(36:49 / All) jorge: well enjoy kids
(36:55 / All) 234881412576561: Mortars are really powerful with air, I should get them more often
(36:58 / All) 234881412576561: but so wood intensive
(37:03 / All) WNxKhager: i have only one unit left
(37:03 / All) 234881412576561: bad luck blue lol
(37:16 / All) Walgu: today's your unlucky day
(37:17 / All) 234881412576561: now you must lose
(37:37 / All) THEWIRESEASON2: love tap time
(38:03 / All) THEWIRESEASON2: tp staff hack!
(38:09 / All) 234881412576561: mass tp lawl
(38:15 / All) WNxKhager: wait are u tking everyone
(38:16 / All) THEWIRESEASON2: no fair
(38:24 / All) THEWIRESEASON2: blue u arent the sharpest knife the drawer
(38:32 / All) WNxKhager: then explain
(38:36 / All) 234881412576561: lol
(38:52 / All) THEWIRESEASON2: like my expo placement rod
(39:06 / All) 234881412576561: it's very efficient
(39:15 / All) WNxKhager: do u guys always do this
(39:26 / All) Walgu: only on wedsnedays
(39:27 / All) THEWIRESEASON2: define do
(39:36 / All) WNxKhager: oh
(39:44 / All) THEWIRESEASON2: the other 6 days of the week are repent days
(39:48 / All) THEWIRESEASON2: we can be bad on wednesdays
(40:10 / All) WNxKhager: so this is how it ends
(40:13 / All) THEWIRESEASON2: we are vilantes
(40:22 / All) THEWIRESEASON2: vigilante
(40:30 / All) THEWIRESEASON2: which quote movie is that from blue
(40:40 / All) WNxKhager: viglint or burn
(40:45 / All) THEWIRESEASON2: burn
(40:55 / All) WNxKhager: batman the second movie
(41:06 / All) THEWIRESEASON2: very good i say we give him win for that answer
(41:06 / Specific player) Walgu: we have found jake's intellectual equal
(41:12 / All) THEWIRESEASON2: technically it aint the 2nd batman tho
(41:13 / All) Walgu: Nope
(41:24 / All) WNxKhager: dark night
(41:28 / All) WNxKhager: knight*
(41:30 / 4) 234881412576561: LMAO
(41:31 / All) Walgu: Second in Nolan's Dark Knight trilogy
(41:32 / All) THEWIRESEASON2: correct
(41:38 / All) THEWIRESEASON2: third one i hated bane was lame
(41:42 / All) WNxKhager: yep
(41:44 / All) Walgu: You lame
(41:52 / All) Walgu: Was being lame part of your plan
(42:00 / All) WNxKhager: me?
(42:10 / All) WNxKhager: or.....
(42:11 / All) 234881412576561: jake killed all my fucking mortars
(42:24 / All) THEWIRESEASON2: lawl
(42:26 / All) THEWIRESEASON2: my bad
(42:31 / All) Walgu: this is the bad part about making 11 aviaries
(42:33 / All) THEWIRESEASON2: wtf u let red expo all over that map
(42:42 / All) Walgu: he had no golds
(42:42 / All) THEWIRESEASON2: oh i had wrong
(42:45 / All) THEWIRESEASON2: color
(42:45 / All) Walgu: and was begging for gold
(43:21 / All) WNxKhager: so this is how i lost -.- this is anti climantic
(43:28 / All) 234881412576561: lol
(43:47 / All) Walgu: Any parting wisdom you wish to bestow upon the masses?
(43:51 / All) THEWIRESEASON2: cant see me im invisible
(43:55 / All) WNxKhager: purp u dont even have curtasy to kill my last unit
(44:23 / All) Walgu: happy?
(44:23 / All) WNxKhager: shit
(44:26 / All) WNxKhager: yep
(44:30 / All) WNxKhager: gg
(44:32 / All) Walgu: That all you want to say?
(44:38 / All) WNxKhager: uhhhh ye
(44:46 / All) Walgu: it's been nice knowing you
(44:49 / All) Walgu: time to lose
(44:51 / All) WNxKhager: same